 Dungeon Crawl Stone Soup version 0.30-a0-779-g7971cf19c3 (webtiles) character file.

Game seed: 4620563717795676882

216386 bjtr the Metallomancer (level 19, -3/113 HPs)
             Began as a Gargoyle Earth Elementalist on Feb 17, 2023.
             Was the Champion of Vehumet.
             Slain by a spark wasp (5 damage)
             ... on level 2 of the Spider Nest on Feb 18, 2023.
             The game lasted 03:21:19 (42567 turns).

bjtr the Metallomancer (GrEE)                      Turns: 42567, Time: 03:21:20

Health: -3/113     AC: 33    Str: 12 (13) XL:     19   Next: 5%
Magic:  14/38      EV: 11    Int: 29 (30) God:    Vehumet [******]
Gold:   2460       SH: 26    Dex: 19      Spells: 5/49 levels left

rFire   + + .      SeeInvis .    a - +10 long sword of Reapportionment {elec, +Blink rF++ rCorr}
rCold   + . .      Faith    .    c - +2 tower shield {rC+}
rNeg    + . .      Spirit   .    w - +2 robe of the Forest {Int+3 Slay+6}
rPois   ∞          Reflect  +    s - +2 hat
rElec   +          Harm     .    E - +2 cloak
rCorr   +          Rampage  .    D - +2 pair of gloves {Dex+3}
Will    +....                    l - +1 pair of boots of Tiup {+Blink Int+4}
Stlth   ++++                     U - amulet of reflection
HPRegen 0.38/turn                k - +4 ring of slaying
MPRegen 0.26/turn                V - ring of Xom's Wantonness {Drain rElec AC+4 Dex+6 Stlth+}

@: flying, studying Poison Magic
A: sickness immunity, AC +14, big wings, negative energy resistance 1,
electricity resistance, torment resistance 1, petrification resistance
}: 1/15 runes: decaying
a: Renounce Religion, Evoke Blink


You were on level 2 of the Spider Nest.
You worshipped Vehumet.
Vehumet was exalted by your worship.
You visited 7 branches of the dungeon, and saw 30 of its levels.
You also visited: Sewer, Bailey and Ice Cave.

You collected 3260 gold pieces.
You spent 800 gold pieces at shops.

Inventory:

Hand Weapons
 a - the +10 long sword of Reapportionment (weapon) {elec, +Blink rF++ rCorr}
   (You found it on level 3 of the Dungeon)

   rF:        It greatly protects you from fire.
   +Blink:    It lets you blink.
   rCorr:     It protects you from acid and corrosion.
 b - a +2 hand crossbow of freezing
Missiles
 f - 12 curare-tipped darts (quivered)
 q - 4 atropa-tipped darts
 t - 5 silver javelins
 Y - 2 datura-tipped darts
Armour
 c - a +2 tower shield of cold resistance (worn)
 i - a scarf of invisibility
 j - a +2 troll leather armour {Snorg}
 l - the +1 pair of boots of Tiup (worn) {+Blink Int+4}
   (You found it on level 1 of the Elven Halls)

   Int:       It affects your intelligence (+4).
   +Blink:    It lets you blink.
 s - a +2 hat (worn)
 w - the +2 robe of the Forest (worn) {Int+3 Slay+6}
   (You found it on level 1 of the Elven Halls)

   Int:       It affects your intelligence (+3).
   Slay:      It affects your accuracy & damage with ranged weapons and melee
   (+6).
 D - a +2 pair of gloves of dexterity (worn)
 E - a +2 cloak (worn)
Jewellery
 k - a +4 ring of slaying (left hand)
 C - a ring of protection from fire
 N - a ring of protection from cold
 U - an amulet of reflection (around neck)
 V - the ring of Xom's Wantonness (right hand) {Drain rElec AC+4 Dex+6 Stlth+}
   (You found it in an ice cave)

   [ring of protection]

   AC:        It affects your AC (+4).
   Dex:       It affects your dexterity (+6).
   rElec:     It insulates you from electricity.
   Drain:     It drains your maximum health when unequipped.
   Stlth:     It makes you more stealthy.
Wands
 n - a wand of charming (51)
 x - a wand of roots (32)
 B - a wand of polymorph (5)
 I - a wand of mindburst (7)
 R - a wand of light (3)
 Z - a wand of digging (4)
Scrolls
 e - 9 scrolls of teleportation
 m - 8 scrolls of blinking
 u - a scroll of enchant armour
 y - 6 scrolls of poison
 z - 3 scrolls of magic mapping
 F - 8 scrolls of identify
 G - 6 scrolls of vulnerability
 H - 9 scrolls of fear
 K - 4 scrolls of amnesia
 P - 3 scrolls of immolation
 X - 4 scrolls of fog
Potions
 d - 2 potions of resistance
 g - 2 potions of cancellation
 o - a potion of berserk rage
 r - 4 potions of invisibility
 v - 11 potions of curing
 A - 3 potions of brilliance
 J - a potion of mutation
 L - 4 potions of haste
 O - 6 potions of ambrosia
 Q - 2 potions of heal wounds
Miscellaneous
 h - a lightning rod (4/4)
 M - a tin of tremorstones (1/2)
 W - a box of beasts (inert)


   Skills:
 * Level 10.9 Fighting
 + Level 6.6 Armour
 + Level 3.5 Dodging
 + Level 6.0 Stealth
 * Level 12.4 Shields
 * Level 15.7 Spellcasting
 * Level 13.5 Conjurations
 - Level 0.7 Transmutations
 + Level 22.6 Earth Magic
 + Level 8.3 Poison Magic
 + Level 6.1 Evocations


You had 5 spell levels left.
You knew the following spells:

 Your Spells              Type           Power      Damage    Failure   Level
a - Sandblast             Erth           100%       2d20      0%          1
b - Passwall              Tmut/Erth      61%        N/A       1%          2
c - Stone Arrow           Conj/Erth      100%       3d13      0%          3
d - Petrify               Tmut/Erth      74%        N/A       1%          4
e - Animate Armour        Summ/Erth      100%       N/A       1%          4
f - Mephitic Cloud        Conj/Pois/Air  60%        N/A       1%          3
g - Iron Shot             Conj/Erth      45%        9d9       1%          6
h - Borgnjor's Vile Clut  Necr/Erth      36%        N/A       2%          5
i - Ignite Poison         Fire/Tmut/Pois 40%        N/A       2%          3
j - Iskenderun's Mystic   Conj/Tloc      58%        2d12      1%          4
k - Olgreb's Toxic Radia  Pois           63%        N/A       1%          4
l - Arcjolt               Conj/Air       29%        1d39      4%          5

Your spell library contained the following spells:

 Spells                   Type           Power      Damage    Failure   Level
 Maxwell's Capacitive Co  Air            11%        ∞         100%        8
 Chain Lightning          Conj/Air       29%        3d38      100%        9
 Fire Storm               Conj/Fire      29%        8d7       100%        9
 Magic Dart               Conj           100%       1d8       1%          1
 Sting                    Tmut/Pois      100%       1d8       1%          1
 Poisonous Vapours        Pois/Air       94%        N/A       1%          2
 Static Discharge         Conj/Air       100%       2-7/arc   1%          2
 Dazzling Flash           Conj/Hex       100%       N/A       1%          3
 Flame Wave               Conj/Fire      58%        2d14      1%          4
 Scorch                   Fire           44%        2d7       4%          2
 Irradiate                Conj/Tmut      29%        3d21      4%          5
 Lightning Bolt           Conj/Air       29%        1d45      4%          5
 Kindle Blastsparks       Fire/Tloc/Air  44%        2d13      9%          3
 Slow                     Hex            88%        N/A       10%         1
 Summon Small Mammal      Summ           88%        N/A       10%         1
 Wereblood                Tmut           27%        N/A       11%         2
 Freezing Cloud           Conj/Ice/Air   24%        6-21      12%         5
 Call Imp                 Summ           22%        N/A       16%         2
 Ensorcelled Hibernation  Hex/Ice        44%        N/A       16%         2
 Call Canine Familiar     Summ           22%        N/A       30%         3
 Confusing Touch          Hex            22%        N/A       30%         3
 Gell's Gravitas          Tloc           22%        N/A       30%         3
 Portal Projectile        Hex/Tloc       44%        N/A       30%         3
 Summon Guardian Golem    Hex/Summ       22%        N/A       30%         3
 Swiftness                Air            22%        N/A       30%         3
 Teleport Other           Tloc           22%        N/A       30%         3
 Tukima's Dance           Hex            22%        N/A       30%         3
 Vampiric Draining        Necr           22%        2d7       30%         3
 Vhi's Electric Charge    Tloc/Air       44%        N/A       30%         3
 Alistair's Intoxication  Tmut/Pois      32%        N/A       41%         5
 Yara's Violent Unravell  Hex/Tmut       12%        3d7       50%         5
 Anguish                  Hex/Necr       11%        N/A       69%         4
 Animate Dead             Necr           22%        N/A       69%         4
 Passage of Golubria      Tloc           22%        N/A       69%         4
 Blade Hands              Tmut           13%        N/A       90%         5
 Metabolic Englaciation   Hex/Ice        11%        N/A       95%         5
 Starburst                Conj/Fire      29%        6d9       24%         6
 Eringya's Noxious Bog    Tmut/Pois      24%        N/A       50%         6
 Death Channel            Necr           11%        N/A       100%        6
 Dispersal                Tloc           11%        N/A       100%        6
 Summon Cactus Giant      Summ           11%        N/A       100%        6
 Enfeeble                 Hex            11%        N/A       100%        7
 Summon Hydra             Summ           11%        N/A       100%        7
 Cigotuvi's Dreadful Rot  Necr/Pois/Air  Unusable   N/A       N/A         2
 Sublimation of Blood     Necr           Unusable   N/A       N/A         2
 Statue Form              Tmut/Erth      Unusable   N/A       N/A         6

Dungeon Overview and Level Annotations

Branches:
Dungeon (15/15)            Temple (1/1) D:4            Lair (5/5) D:10
  Swamp (4/4) Lair:3       Spider (2/4) Lair:2        Slime (0/5) Lair:4
    Orc (2/2) D:12            Elf (1/3) Orc:2        Vaults (0/5) D:14
 Depths (0/4) D:15          Sewer (visited)          Bailey (visited)
  IceCv (visited)

Altars:
Ashenzari
Cheibriados
Dithmenos
Elyvilon
Fedhas
Gozag
Hepliaklqana
Kikubaaqudgha
Makhleb
Nemelex Xobeh
Okawaru
Qazlal
Ru
Sif Muna
Trog
Uskayaw
Vehumet
Wu Jian
Xom
Yredelemnul
Zin
The Shining One

Shops:
D:2 (   D:5 !:(?=   D:7 [   D:10 :   Orc:2 ([=?(   Elf:1 =

Annotations:
D:14 3 runed translucent doors, Onucvo's ghost, journeyman FoFi
Lair:4 1 runed translucent door


Innate Abilities, Weirdness & Mutations

You are immune to sickness and miasma.
Your stone body is resilient. (AC +14)
You are immune to poison.
Your large and strong wings let you fly.
You resist negative energy. (rN+)
You are resistant to electric shocks. (rElec)
You are resistant to unholy torment.
You are immune to petrification.


Message History

The spark wasp is almost dead.
You block the redback's attack. You block the wolf spider's attack.
The wolf spider bites you but does no damage.
The spark wasp bursts into living lightning!
The living lightning hits you. You resist.
* * * LOW HITPOINT WARNING * * *
The spark wasp blinks!
The redback closely misses you.
The wolf spider hits you but does no damage.
The wolf spider bites you!
* * * LOW HITPOINT WARNING * * *
You block the spark wasp's attack. The redback bites you.
* * * LOW HITPOINT WARNING * * *
You block the wolf spider's attack. The wolf spider bites you.
* * * LOW HITPOINT WARNING * * *
You block the spark wasp's attack.
Unknown command.
You feel much better. You block the redback's attack.
You block the wolf spider's attack. x2
The spark wasp stings you but does no damage.
Casting: Arcjolt (dangerous; 4% risk of failure)
Confirm with . or Enter, or press ? or * to list all spells.
Electricity surges outward!
The wolf spider is almost dead.
The redback is almost dead.
The tarantella is severely wounded.
You kill the tarantella!
Vehumet accepts your kill.
You feel your power returning.
The orb spider is severely wounded.
You block the redback's attack. You block the wolf spider's attack.
The wolf spider bites you!
* * * LOW HITPOINT WARNING * * *
The spark wasp stings you!
* * * LOW HITPOINT WARNING * * *
The spark wasp shocks you. You resist.
* * * LOW HITPOINT WARNING * * *
You block the redback's attack. You block the wolf spider's attack. x2
The spark wasp stings you!
* * * LOW HITPOINT WARNING * * *
The spark wasp shocks you. You resist.
You die...

...... ......
#>..... ###
.......
#).###.....
....s.. . #####
###^s†# .. #.#.##
#..yss# ...
#....##########@##
....
##..............#
..(.
###.............#
....
#.##............#
....
##^###......†...#
#^..
#....#....†#..<.#
#..
###...#.....#....#
#
#..^..#..†.^#....#
............#...##


You could see a spark wasp, a wolf spider, an orb spider, a tarantella and a
redback.

Vanquished Creatures
  A shard shrike (IceCv)
  the Lernaean hydra (Swamp:4)
  Mlioglotl (Swamp:4)
  A tentacled monstrosity (Swamp:4)
  3 thorn hunters
  A deep elf sorcerer (Elf:1)
  A ghost moth (Spider:1)
  An orc warlord (Bailey)
  A broodmother (Spider:2)
  2 deep elf demonologists (Elf:1)
  3 eleionomae
  8 bunyips
  A white draconian (IceCv)
  Snorg (Lair:3)
  An entropy weaver (shapeshifter) (D:15)
  A rakshasa (D:10)
  A shambling mangrove (Swamp:4)
  2 ice dragons (D:15)
  19 hydras
  3 catoblepae
  5 ironbound frosthearts (IceCv)
  3 centaur warriors
  2 ghost crabs
  7 dancing weapons (Elf:1)
  14 death yaks
  A deep troll shaman (Lair:5)
  7 boulder beetles
  7 two-headed ogres
  10 alligators
  Urug (D:12)
  5 orc high priests (Orc:2)
  Sonja (D:13)
  17 deep elf knights (Elf:1)
  A sun moth (Spider:1)
  2 pharaoh ants
  3 skysharks
  3 goliath frogs
  9 deep elf archers (Elf:1)
  2 spriggan druids
  9 swamp dragons
  5 bog bodies
  4 orb spiders
  A steelbarb worm (Spider:1)
  6 wolf spiders
  2 lindwurms (Lair:5)
  An orange crystal statue (IceCv)
  17 deep elf zephyrmancers (Elf:1)
  A necromancer (D:14)
  7 orc knights (Orc:2)
  17 deep elf pyromancers (Elf:1)
  6 cyclopes
  20 ugly things
  An oklob plant (Lair:3)
  2 will-o-the-wisps (Swamp:4)
  A manticore (D:13)
  22 elephants
  A salamander (shapeshifter) (Elf:1)
  A moth of wrath (Spider:1)
  The ghost of Smoke131 the Chucker, a novice OgGl of Okawaru (D:7)
  2 centaur zombies (D:11)
  5 black mambas
  4 molten gargoyles (D:12)
  4 torpor snails
  A gargoyle (D:10)
  6 demonic crawlers
  An unseen horror (D:12)
  15 cane toads
  4 freezing wraiths
  11 komodo dragons
  18 rime drakes
  2 kobold demonologists
  2 tengu conjurers (D:13)
  12 trolls
  6 tyrant leeches
  21 polar bears
  A bloated husk (Swamp:2)
  3 meliai (Spider:1)
  14 tarantellas
  5 hornets
  22 blink frogs
  10 slime creatures
  Sigmund (D:2)
  10 culicivoras
  4 air elementals
  14 jumping spiders
  A water elemental (Elf:1)
  2 vampires
  2 wraiths
  2 spriggans (Swamp:3)
  A ynoxinul (D:9)
  55 yaks
  A fire elemental (Elf:1)
  9 wyverns
  8 basilisks
  15 vampire mosquitoes
  2 steam dragons
  18 redbacks
  A redback simulacrum (D:13)
  7 wargs
  23 swamp worms
  4 acid dragons
  12 water moccasins
  6 swamp drakes (Swamp:4)
  45 orc warriors
  3 sky beasts
  A black bear (shapeshifter) (Elf:1)
  3 black bears
  An ice beast (D:8)
  9 wolves (Lair:5)
  6 ogres
  6 centaurs
  19 kobold brigands
  3 phantoms
  14 bullfrogs
  2 earth elementals (Elf:1)
  2 necrophages
  A gnoll sergeant (D:5)
  5 scorpions
  7 wights
  12 killer bees
  A vampire bat (Lair:3)
  7 howler monkeys
  A lava snake (D:12)
  6 hounds
  4 jellies
  27 orc priests
  4 iguanas
  17 orc wizards
  A boggart simulacrum (D:14)
  14 gnolls
  9 adders
  2 river rats (D:3)
  2 shadow imps (D:4)
  A white imp (D:8)
  A worm (D:4)
  3 dart slugs
  77 orcs
  16 ball pythons
  9 endoplasms
  13 giant cockroaches
  5 goblins (Bailey)
  14 hobgoblins
  3 jackals (D:5)
  11 quokkas
  8 bats
  10 frilled lizards
  33 kobolds
  6 rats
  A spectral orc (D:7)
1090 creatures vanquished.

Vanquished Creatures (collateral kills)
  2 orc warriors (Bailey)
  A gnoll (Bailey)
  A goblin (Bailey)
4 creatures vanquished.

Vanquished Creatures (others)
  A deep elf knight (Elf:1)
  A deep elf archer (Elf:1)
  2 deep elf zephyrmancers (Elf:1)
  A torpor snail (Spider:1)
  A bloated husk (Swamp:4)
  2 briar patches (Swamp:4)
  2 foxfires (Swamp:4)
  14 fungi
  31 plants
55 creatures vanquished.

Grand Total: 1149 creatures vanquished

Notes
Turn   | Place    | Note
-------+----------+-------------------------------------------
     0 | D:1      | bjtr the Gargoyle Earth Elementalist began the quest for
                  | the Orb.
     0 | D:1      | Reached XP level 1. HP: 10/10 MP: 3/3
   277 | D:1      | Reached skill level 4 in Earth Magic
   379 | D:1      | Reached XP level 2. HP: 14/15 MP: 1/5
   887 | D:2      | Found Kaceg's Weapon Emporium.
  1000 | D:2      | Noticed Sigmund
  1506 | D:3      | Reached XP level 3. HP: 13/19 MP: 1/6
  1527 | D:3      | Found a glowing drain.
  1546 | Sewer    | Entered a sewer
  1690 | Sewer    | Reached XP level 4. HP: 24/24 MP: 8/8
  1710 | Sewer    | Reached skill level 5 in Earth Magic
  1809 | Sewer    | Reached skill level 1 in Armour
  1877 | Sewer    | Reached skill level 1 in Fighting
  1890 | Sewer    | Reached XP level 5. HP: 29/29 MP: 9/9
  1933 | Sewer    | Reached XP level 6. HP: 12/36 MP: 5/10
  2055 | D:3      | Learned a level 2 spell: Passwall
  2059 | D:3      | Learned a level 3 spell: Stone Arrow
  2064 | D:3      | Learned a level 4 spell: Petrify
  2440 | D:3      | Reached skill level 6 in Earth Magic
  2689 | D:3      | Identified the +10 long sword of Reapportionment {elec,
                  | +Blink rF++ rCorr}
  3126 | D:2      | Killed Sigmund
  3127 | D:2      | Reached XP level 7. HP: 40/40 MP: 5/12
  3179 | D:4      | Found a transporter.
  3185 | D:4      | Noticed a kobold demonologist
  3221 | D:4      | Reached skill level 7 in Earth Magic
  3389 | D:4      | Found a transporter.
  3543 | D:4      | Found a staircase to the Ecumenical Temple.
  3556 | Temple   | Entered the Ecumenical Temple
  3556 | Temple   | Found a transporter.
  3556 | Temple   | Found a transporter.
  3562 | Temple   | Found a transporter.
  3562 | Temple   | Found a transporter.
  3586 | Temple   | Became a worshipper of Vehumet
  3903 | D:4      | Reached skill level 8 in Earth Magic
  3905 | D:4      | Reached XP level 8. HP: 39/45 MP: 12/14
  4210 | D:4      | Killed a kobold demonologist
  4275 | D:4      | HP: 2/46 [orc priest/divine providence (15)]
  4443 | D:4      | Reached skill level 9 in Earth Magic
  4666 | D:5      | Entered Level 5 of the Dungeon
  4723 | D:5      | Found Tysma's Jewellery Emporium.
  4733 | D:5      | Found Benesk's Magic Scroll Shoppe.
  4744 | D:5      | Reached skill level 5 in Spellcasting
  4744 | D:5      | Found Rell's Weapon Shop.
  4768 | D:5      | Bought a scroll of identify for 26 gold pieces
  4768 | D:5      | Bought a scroll of magic mapping for 97 gold pieces
  4768 | D:5      | Bought a scroll of identify for 26 gold pieces
  4768 | D:5      | Bought a scroll of identify for 26 gold pieces
  4945 | D:5      | Reached * piety under Vehumet
  4945 | D:5      | Offered knowledge of Freeze by Vehumet.
  5054 | D:5      | Reached skill level 10 in Earth Magic
  5161 | D:5      | Reached XP level 9. HP: 51/51 MP: 17/17
  5213 | D:5      | Learned a level 4 spell: Animate Armour
  5324 | D:5      | Found Jirylin's Distillery.
  5329 | D:5      | Bought a potion of heal wounds for 55 gold pieces
  5356 | D:5      | Found Hybie's Book Shop.
  5548 | D:5      | Bought a book of Minor Magic for 180 gold pieces
  5837 | D:6      | Found a basalt altar of Yredelemnul.
  5904 | D:6      | Found an ancient bone altar of Kikubaaqudgha.
  6001 | D:6      | Found an iron altar of Okawaru.
  6031 | D:6      | Reached skill level 11 in Earth Magic
  6304 | D:6      | Reached skill level 1 in Shields
  6667 | D:7      | Found Aseqekk's Antique Armour Emporium.
  6672 | D:7      | Offered knowledge of Shock by Vehumet.
  6706 | D:7      | Reached ** piety under Vehumet
  6725 | D:7      | Reached skill level 12 in Earth Magic
  6774 | D:7      | Found a runed translucent gate.
  6775 | D:7      | Found a runed translucent gate.
  6776 | D:7      | Found a runed translucent gate.
  6776 | D:7      | Noticed Smoke131's ghost (novice OgGl)
  6836 | D:7      | Reached XP level 10. HP: 56/56 MP: 18/20
  6879 | D:7      | You fall into a shaft and drop 1 floor!
  7147 | D:7      | Found a sparkling altar of Nemelex Xobeh.
  7200 | D:7      | Found a hazy altar of Hepliaklqana.
  7370 | D:8      | Noticed a two-headed ogre
  7376 | D:8      | Killed a two-headed ogre
  7377 | D:8      | Reached skill level 13 in Earth Magic
  7961 | D:8      | Found an opulent altar of Gozag.
  8030 | D:8      | Noticed a centaur warrior
  8038 | D:8      | Killed a centaur warrior
  8038 | D:8      | Offered knowledge of Poisonous Vapours by Vehumet.
  8158 | D:8      | Reached skill level 14 in Earth Magic
  8556 | D:8      | Learned a level 3 spell: Mephitic Cloud
  8609 | D:9      | Found a flagged portal.
  8610 | D:9      | Noticed a cyclops
  8618 | Bailey   | Entered a bailey
  8739 | Bailey   | Reached skill level 1 in Conjurations
  8819 | Bailey   | Reached XP level 11. HP: 33/62 MP: 23/23
  8819 | Bailey   | Reached *** piety under Vehumet
  9078 | Bailey   | Offered knowledge of Kindle Blastsparks by Vehumet.
  9360 | Bailey   | Noticed an orc warlord
  9396 | Bailey   | Learned a level 6 spell: Iron Shot
  9441 | Bailey   | Killed an orc warlord
  9653 | D:9      | Killed a cyclops
  9939 | D:9      | Reached skill level 5 in Fighting
 10034 | D:9      | Reached skill level 15 in Earth Magic
 10042 | D:9      | Noticed a two-headed ogre
 10049 | D:9      | Reached **** piety under Vehumet
 10051 | D:9      | Killed a two-headed ogre
 10126 | D:9      | Learned a level 5 spell: Borgnjor's Vile Clutch
 10156 | D:9      | Found a shimmering blue altar of Sif Muna.
 10163 | D:9      | Got Sif Muna's Vademecum on the Wayfarer
 10171 | D:9      | Found a bloodstained altar of Trog.
 10225 | D:9      | Offered knowledge of Yara's Violent Unravelling by Vehumet.
 10381 | D:9      | Reached skill level 5 in Shields
 10861 | D:10     | Entered Level 10 of the Dungeon
 10896 | D:10     | Found Soboetov's Book Shoppe.
 10896 | D:10     | Noticed a rakshasa
 10917 | D:10     | Killed a rakshasa
 10918 | D:10     | Reached skill level 5 in Armour
 10918 | D:10     | Reached XP level 12. HP: 31/68 MP: 9/25
 11156 | D:10     | Reached skill level 16 in Earth Magic
 11369 | D:10     | Reached ***** piety under Vehumet
 11369 | D:10     | Offered knowledge of Orb of Destruction by Vehumet.
 11416 | D:10     | Found a staircase to the Lair.
 11488 | D:10     | Found a glowing silver altar of Zin.
 11692 | D:10     | Noticed a two-headed ogre
 11708 | D:10     | Killed a two-headed ogre
 12262 | D:11     | Noticed a boulder beetle
 12268 | D:11     | Killed a boulder beetle
 12481 | D:11     | Noticed a catoblepas
 12490 | D:11     | Killed a catoblepas
 12981 | D:11     | Reached skill level 5 in Conjurations
 12994 | D:11     | Found a basalt altar of Yredelemnul.
 13055 | D:12     | Reached skill level 17 in Earth Magic
 13066 | D:12     | Reached XP level 13. HP: 62/74 MP: 5/26
 13289 | D:12     | Reached skill level 10 in Spellcasting
 13395 | D:12     | Noticed Urug
 13401 | D:12     | Killed Urug
 13658 | D:12     | Found a staircase to the Orcish Mines.
 14120 | D:12     | Offered knowledge of Ozocubu's Refrigeration by Vehumet.
 15027 | D:13     | Noticed Sonja
 15039 | D:13     | Killed Sonja
 15753 | D:13     | Reached skill level 18 in Earth Magic
 16074 | D:5      | Bought an amulet of reflection for 390 gold pieces
 16395 | D:14     | Reached skill level 1 in Evocations
 16711 | D:14     | Found a gate to the Vaults.
 16774 | D:14     | Noticed Onucvo's ghost (journeyman FoFi)
 16776 | D:14     | Found a runed translucent gate.
 16777 | D:14     | Found a runed translucent gate.
 16778 | D:14     | Found a runed translucent gate.
 16832 | D:14     | Noticed a tengu reaver
 16832 | D:14     | Noticed an ice dragon
 16868 | D:14     | Noticed a storm dragon
 16887 | D:14     | Gained mutation: Your large and strong wings let you fly.
                  | [Gargoyle growth]
 16887 | D:14     | Reached XP level 14. HP: 43/80 MP: 14/28
 16928 | D:14     | a minotaur changed into a quicksilver ooze
 16928 | D:14     | Noticed a quicksilver ooze (shapeshifter)
 17402 | D:7      | Killed Smoke131's ghost
 17640 | D:15     | Entered Level 15 of the Dungeon
 17652 | D:15     | Learned a level 3 spell: Ignite Poison
 17657 | D:15     | Learned a level 4 spell: Iskenderun's Mystic Blast
 17865 | D:15     | Offered knowledge of Fireball by Vehumet.
 18171 | D:15     | Found a staircase to the Depths.
 18260 | D:15     | Reached skill level 19 in Earth Magic
 19284 | Lair:1   | Entered Level 1 of the Lair of Beasts
 20761 | Lair:2   | Reached skill level 1 in Poison Magic
 20968 | Lair:2   | Found a hole to the Spider Nest.
 21003 | Lair:2   | Reached skill level 5 in Stealth
 21635 | Lair:2   | You are sucked into a shaft and drop 2 floors!
 21639 | Lair:4   | Reached XP level 15. HP: 86/86 MP: 30/30
 21721 | Lair:4   | Found a runed translucent door.
 21722 | Lair:4   | Found a staircase to the Slime Pits.
 22149 | Lair:4   | Reached skill level 5 in Evocations
 22887 | Lair:2   | Reached skill level 20 in Earth Magic
 23095 | Lair:2   | Offered knowledge of Conjure Ball Lightning by Vehumet.
 23758 | Lair:3   | Noticed Snorg
 23764 | Lair:3   | Killed Snorg
 24566 | Lair:3   | Found a staircase to the Swamp.
 24866 | Lair:5   | Entered Level 5 of the Lair of Beasts
 24970 | Lair:5   | Reached skill level 10 in Shields
 24996 | Lair:5   | Offered knowledge of Lee's Rapid Deconstruction by Vehumet.
 25187 | Lair:5   | Reached skill level 10 in Conjurations
 25536 | Lair:5   | Reached XP level 16. HP: 88/93 MP: 32/32
 26873 | Orc:1    | Entered Level 1 of the Orcish Mines
 27346 | Orc:2    | Entered Level 2 of the Orcish Mines
 27392 | Orc:2    | Reached skill level 5 in Poison Magic
 27430 | Orc:2    | Offered knowledge of Spellforged Servitor by Vehumet.
 27488 | Orc:2    | Found Luass's Weapon Shop.
 27583 | Orc:2    | Found a staircase to the Elven Halls.
 27927 | Orc:2    | Offered knowledge of Lehudib's Crystal Spear by Vehumet.
 28024 | Orc:2    | Learned a level 4 spell: Olgreb's Toxic Radiance
 28110 | Orc:2    | Reached ****** piety under Vehumet
 28745 | Orc:2    | Found Lumes's Magic Scroll Boutique.
 28745 | Orc:2    | Found Ateafariod's Weapon Boutique.
 28746 | Orc:2    | Found Rupluyq's Jewellery Boutique.
 28746 | Orc:2    | Found Lituir's Armour Shop.
 29219 | Swamp:1  | Entered Level 1 of the Swamp
 29331 | Swamp:1  | Reached skill level 21 in Earth Magic
 30026 | Swamp:1  | Upgraded the game from 0.30-a0-778-g2ef04afb54 to
                  | 0.30-a0-779-g7971cf19c3
 30103 | Swamp:2  | Found a frozen archway.
 30240 | IceCv    | Entered an ice cave
 31664 | IceCv    | Noticed a shard shrike
 31732 | IceCv    | Reached XP level 17. HP: 75/99 MP: 9/34
 32010 | IceCv    | Killed a shard shrike
 32254 | IceCv    | Identified the ring of Xom's Wantonness {Drain rElec AC+4
                  | Dex+6 Stlth+}
 33254 | Swamp:2  | Learned a level 5 spell: Arcjolt
 34159 | Swamp:3  | Reached skill level 22 in Earth Magic
 34785 | Swamp:4  | Entered Level 4 of the Swamp
 35196 | Swamp:4  | Noticed a tentacled monstrosity
 35201 | Swamp:4  | Killed a tentacled monstrosity
 35321 | Swamp:4  | Offered knowledge of Fire Storm by Vehumet.
 35321 | Swamp:4  | Offered knowledge of Chain Lightning by Vehumet.
 35321 | Swamp:4  | Offered knowledge of Maxwell's Capacitive Coupling by
                  | Vehumet.
 35401 | Swamp:4  | Noticed the 27-headed Lernaean hydra
 35428 | Swamp:4  | Killed the 27-headed Lernaean hydra
 35537 | Swamp:4  | Noticed Mlioglotl
 36213 | Swamp:4  | Killed Mlioglotl
 36878 | Swamp:4  | Got a decaying rune of Zot
 37422 | Elf:1    | Entered Level 1 of the Elven Halls
 37426 | Elf:1    | Paralysed by an air elemental for 1 turns
 37430 | Orc:2    | Paralysed by an air elemental for 1 turns
 37434 | Orc:2    | Paralysed by an air elemental for 1 turns
 37437 | Orc:2    | Paralysed by an air elemental for 1 turns
 37440 | Orc:2    | Paralysed by an air elemental for 1 turns
 37482 | Elf:1    | Paralysed by an air elemental for 1 turns
 37484 | Elf:1    | Reached skill level 15 in Spellcasting
 37486 | Elf:1    | Paralysed by an air elemental for 1 turns
 37490 | Elf:1    | Reached XP level 18. HP: 102/107 MP: 29/37
 37497 | Elf:1    | Paralysed by an air elemental for 1 turns
 37499 | Elf:1    | Paralysed by an air elemental for 1 turns
 37501 | Elf:1    | Paralysed by an air elemental for 1 turns
 37946 | Elf:1    | Identified the +1 pair of boots of Tiup {+Blink Int+4}
 38364 | Elf:1    | Reached skill level 10 in Fighting
 38827 | Elf:1    | Identified the +2 robe of the Forest {Int+3 Slay+6}
 38839 | Elf:1    | Found a shimmering blue altar of Sif Muna.
 39205 | Elf:1    | Found Xaluo's Jewellery Boutique.
 40423 | Spider:1 | Entered Level 1 of the Spider Nest
 42441 | Spider:2 | Reached XP level 19. HP: 108/113 MP: 38/38
 42567 | Spider:2 | HP: 2/113 [spark wasp (7)]
 42567 | Spider:2 | Slain by a spark wasp

Illustrated notes

Levels and vault maps discovered:
D:1:      heliophobic_arrival_glass_houses, layout_loops_cross,
          grunt_decor_mini_mirrors
D:2:      layout_basic, serial_shops, nicolae_diamond_shop, uniq_sigmund
D:3:      cheibrodos_thug_alley, layout_basic, portal_sewer_entry_e
D:4:      gammafunk_wand_slinger, layout_loops_ring,
          minmay_temple_entry_junction_2, cheibrodos_gnoll_hut
D:5:      layout_cave_pods, serial_shops, nicolae_stop_n_shop_2, shop_coins,
          shop, kennysheep_little_box, nicolae_inconvenience_store, minmay_puff
D:6:      layout_loops_ring, amcnicky_altar_gilded, lemuel_tele_altar,
          kennysheep_mini_moat
D:7:      layout_rooms, nemelex_spade_bored_becter,
          nicolae_hepliaklqana_monster_ancestors, biasface_ghost_orc_armoury,
          serial_shops, shop, nicolae_fountain_basement
D:8:      layout_loops_corners, grunt_gozag_breadcrumbs, minmay_manual_mullet
D:9:      layout_stronghold, nzn_overflow_gifts_of_might_and_magic,
          enter_bailey_2
D:10:     layout_roguey [special_room_kobold], zin_academy, david_lair_generic,
          kennysheep_windowed_goal
D:11:     layout_basic, lemuel_zombie_altar_yredelemnul
D:12:     layout_basic, erik_orc_3, minivault_8, uniq_urug
D:13:     layout_gridville, uniq_sonja
D:14:     layout_cave_pools, david_vaults_1, gammafunk_ghost_split,
          kennysheep_generic_room_13
D:15:     grunt_enter_depths_hoard, layout_basic, serial_park_tiny_2
Temple:   hellmonk_temple_divided_pantheon
Lair:1:   layout_regular_city, grunt_megastairs_4
Lair:2:   nzn_winding_woodlands_small [nzn_winding_woodlands_5x15_sawtooth,
          nzn_winding_woodlands_center_lodge,
          nzn_winding_woodlands_5x15_crooked], layout_loops_ring,
          spider_nest_entry_funnel_web, lemuel_fruit_tree
Lair:3:   wad_woods_structure_01, layout_small_grid, minmay_swamp_entry_worms,
          roderic_batcave, uniq_snorg
Lair:4:   layout_hall_layers, slime_entry_2, serial_bayou_shore_b
Lair:5:   grunt_lair_end_beastmaster, layout_cave_pods
Swamp:1:  layout_basic_swamp, evilmike_swamp_ruin_house_3
Swamp:2:  layout_basic_swamp, portal_ice_cave_entry_frozen_things,
          evilmike_swamp_ruin_house_1, swamp_pool1,
          nicolae_swamp_very_dense_foliage
Swamp:3:  layout_basic_swamp, evilmike_swamp_ruin_rubble_1, swamp_pool2
Swamp:4:  swamp_alternative, layout_basic_swamp, uniq_mlioglotl
Spider:1: layout_cave_pods
Spider:2: layout_spider_delve, nicolae_spider_cling_halls
Orc:1:    layout_diamond_mine, basic_altar
Orc:2:    st_orc_pillars, layout_diamond_mine, serial_shops, shop
Elf:1:    nicolae_elf_arrival_aired_out, layout_geoelf_grid, basic_altar,
          serial_shops, nicolae_shop_hallway_plus,
          hangedman_elven_crosses_minicolossus, moated_statue,
          grunt_megastairs_5

Skill      XL: |  1  2  3  4  5  6  7  8  9 10 11 12 13 14 15 16 17 18 |
---------------+-------------------------------------------------------+-----
Earth Magic    | 4 5 6 8 10 12 14 15 17 18 19 20 21 22 | 22.6
Armour         | 1 2 3 4 5 6 |  6.6
Fighting       | 1 2 3 4 5 6 7 8 9 10 | 10.9
Spellcasting   | 3 4 5 6 8 9 10 11 12 13 15 | 15.7
Stealth        | 3 4 5 6 |  6.0
Shields        | 1 2 5 7 8 9 10 12 | 12.4
Conjurations   | 1 3 5 7 8 10 11 12 13 | 13.5
Evocations     | 2 4 6 |  6.1
Poison Magic   | 1 4 7 8 |  8.3
Dodging        | 2 3 |  3.5
Transmutations | |  0.7

Action                     |  1- 3 |  4- 6 |  7- 9 | 10-12 | 13-15 | 16-18 | 19-21 || total
---------------------------+-------+-------+-------+-------+-------+-------+-------++-------
  Melee: Dagger            |     7 |       |       |       |       |       |       ||     7
         Long sword        |       |     3 |   100 |   330 |   624 |   635 |    12 ||  1704
   Fire: Sling             |    32 |   109 |       |       |       |       |       ||   141
  Throw: Dart              |       |       |       |     5 |    13 |       |       ||    18
   Cast: Sandblast         |    34 |    32 |    92 |    90 |    22 |    19 |       ||   289
         Stone Arrow       |       |       |     5 |    55 |   112 |     7 |       ||   179
         Passwall          |       |       |       |     3 |     3 |     2 |       ||     8
         Borgnjor's Vile C |       |       |       |    26 |    88 |    92 |       ||   206
         Petrify           |       |       |       |     4 |     4 |       |       ||     8
         Mephitic Cloud    |       |       |       |     1 |    12 |     4 |       ||    17
         Animate Armour    |       |       |       |     1 |     1 |       |       ||     2
         Iron Shot         |       |       |       |       |    74 |   266 |     6 ||   346
         Ignite Poison     |       |       |       |       |     4 |    11 |       ||    15
         Olgreb's Toxic Ra |       |       |       |       |       |    16 |     1 ||    17
         Arcjolt           |       |       |       |       |       |    32 |     7 ||    39
         Iskenderun's Myst |       |       |       |       |       |     1 |       ||     1
Ability: Evoke Blink       |       |       |       |       |       |     1 |       ||     1
  Evoke: Wand              |       |       |       |     5 |     1 |    11 |       ||    17
         Lightning rod     |       |       |       |       |       |     6 |       ||     6
         Box of beasts     |       |       |       |       |       |     1 |       ||     1
         Tin of tremorston |       |       |       |       |       |     1 |       ||     1
    Use: Scroll            |     6 |     2 |     8 |     8 |     5 |     4 |       ||    33
         Potion            |     1 |     1 |     1 |     3 |       |     5 |     1 ||    12
   Stab: Sleeping          |       |       |     4 |       |     6 |     4 |       ||    14
         Invisible         |       |       |       |     2 |       |       |       ||     2
         Confused          |       |       |       |       |     1 |     1 |       ||     2
         Distracted        |       |       |       |       |       |     2 |       ||     2
 Armour: Leather armour    |    18 |    43 |   100 |    61 |       |       |       ||   222
         Acid dragon scale |       |       |       |    71 |       |       |       ||    71
         Troll leather arm |       |       |       |   198 |   482 |   576 |       ||  1256
         Robe              |       |       |       |       |       |   128 |    31 ||   159
  Dodge: Dodged            |    25 |    60 |   121 |   322 |   389 |   377 |    19 ||  1313
  Block: Buckler           |       |       |    31 |   228 |   613 |   322 |       ||  1194
         Reflection        |       |       |       |       |    17 |    59 |       ||    76
         Tower shield      |       |       |       |       |       |   781 |    81 ||   862

Table legend: (Time is in decaauts)
 A = Elapsed time spent in this place.
 B = Non-inter-level travel time spent in this place.
 C = Inter-level travel time spent in this place.
 D = Time resting spent in this place.
 E = Time spent auto-exploring this place.
 F = Levels seen in this place.
 G = Mean time per level.
                   A        B        C        D        E       F      G
               +--------+--------+--------+--------+--------+-----+--------+
         Total |  43885 |  40326 |   3559 |   9750 |  21222 |  33 | 1329.8 |
       Dungeon |  19082 |  16425 |   2657 |   2316 |  10426 |  15 | 1272.1 |
        Temple |    100 |     88 |     12 |      0 |     10 |   1 |  100.0 |
          Lair |   7790 |   7333 |    457 |   1020 |   4592 |   5 | 1558.0 |
         Swamp |   5407 |   5224 |    183 |   1644 |   2575 |   4 | 1351.8 |
   Spider Nest |   2198 |   2171 |     27 |    729 |   1083 |   2 | 1099.0 |
  Orcish Mines |   2297 |   2117 |    180 |    579 |    693 |   2 | 1148.5 |
   Elven Halls |   2918 |   2878 |     40 |   1307 |    997 |   1 | 2918.0 |
         Sewer |    628 |    628 |      0 |    143 |    225 |   1 |  628.0 |
        Bailey |   1059 |   1059 |      0 |    587 |    130 |   1 | 1059.0 |
      Ice Cave |   2402 |   2402 |      0 |   1422 |    490 |   1 | 2402.0 |
               +--------+--------+--------+--------+--------+-----+--------+

Top non-repeatable levels by time:
   Elf:1: 2918 daAuts
   IceCv: 2402 daAuts
Spider:1: 1892 daAuts
 Swamp:4: 1864 daAuts
     D:8: 1776 daAuts
   Orc:2: 1744 daAuts
  Lair:2: 1697 daAuts
  Lair:3: 1697 daAuts
  Lair:5: 1696 daAuts
    D:12: 1696 daAuts
     D:4: 1605 daAuts
    D:13: 1597 daAuts
    D:10: 1519 daAuts
     D:3: 1476 daAuts
     D:9: 1434 daAuts
